 Dungeon Crawl Stone Soup version 0.22-a0-779-g6f83d72c62 (webtiles) character file.

714 Htamos the Covert (level 7, -5/43 HPs)
             Began as an Octopode Earth Elementalist on July 19, 2018.
             Slain by a killer bee (8 damage)
             ... on level 5 of the Dungeon.
             The game lasted 00:14:33 (6638 turns).

Htamos the Covert (Octopode Earth Elementalist)     Turns: 6638, Time: 00:14:35

Health: -5/43      AC:  1    Str:  8      XL:     7   Next: 69%
Magic:  7/10       EV: 19    Int: 17      God:
Gold:   137        SH:  0    Dex: 18 (19) Spells: 6/10 levels left

rFire    x . .     SeeInvis .   k - +1 dagger
rCold    + . .     Gourm    .   (no shield)
rNeg     . . .     Faith    .   (helmet restricted)
rPois    .         Spirit   .   (no amulet)
rElec    .         Reflect  .   t - ring of ice
rCorr    .         Harm     .   (no ring)
MR       .....                  (no ring)
Stlth    +++++++...             (no ring)
HPRegen  0.14/turn              (no ring)
MPRegen  0.12/turn              (no ring)
                                (no ring)
                                (no ring)

@: agile, lethally poisoned (-5 -> -15), very slightly contaminated, starving
A: almost no armour, stealthy swim, amphibious, 8 rings, constrict 8, camouflage
1, gelatinous body 1
a: no special abilities


You were on level 5 of the Dungeon.
You were starving.

You visited 1 branch of the dungeon, and saw 5 of its levels.

You collected 137 gold pieces.

Inventory:

Hand Weapons
 a - a +0 hand axe of electrocution
 e - a +0 short sword
 f - a +0 rapier
 k - a +1 dagger (weapon)
 q - a +0 blowgun
 v - a +3 whip
Missiles
 b - 7 stones (quivered)
 j - 8 javelins
 m - 14 poisoned needles
Jewellery
 t - a ring of ice (left tentacle)
Scrolls
 g - 2 scrolls of remove curse
 h - a scroll of identify
 p - a scroll of fog
 r - 2 scrolls of noise
Potions
 n - 2 potions of agility
 s - a potion of flight
Comestibles
 c - 7 rations


   Skills:
 + Level 1.1 Fighting
 + Level 2.4 Dodging
 + Level 10.9 Stealth
 + Level 2.4 Spellcasting
   Level 1.0 Transmutations
 + Level 3.5 Earth Magic


You had 6 spell levels left.
You knew the following spells:

 Your Spells              Type           Power        Failure   Level  Hunger
a - Sandblast             Erth           ##....       4%          1    #......
b - Stone Arrow           Conj/Erth      #.....       26%         3    ###....

Your spell library contained the following spells:

 Spells                   Type           Power        Failure   Level  Hunger
 Passwall                 Tmut/Erth      #.......     11%         2    ##.....
 Lee's Rapid Deconstruct  Erth           ##........   77%         5    ######.
 Petrify                  Tmut/Erth      #.......     58%         4    #####..


Dungeon Overview and Level Annotations

Branches:
Dungeon (5/15)             Temple (0/1) D:5

Altars:
Hepliaklqana

Annotations:
D:5 Edmund


Innate Abilities, Weirdness & Mutations

You cannot wear most types of armour.
You are very stealthy in the water. (Stealth+)
You are amphibious.
You can wear up to eight rings at the same time.
You can use your tentacles to constrict eight enemies at once.
Your skin changes colour to match your surroundings (Stealth+).
Your rubbery body absorbs attacks. (AC +1, EV +1)


Message History

You hit the killer bee but do no damage.
You squeeze the killer bee!
The killer bee is almost dead.
You constrict the killer bee, but do no damage.
* * * LOW HITPOINT WARNING * * *
You feel sick.
You hear a shout!
The killer bee completely misses you.
The killer bee escapes!
The killer bee completely misses you.
Quiver which item? (- for none, * to show all) (? for menu, Esc to quit)
Okay, then.
Okay, then.
Are you sure you want to abandon this character and quit the game? (Confirm with "yes".)
Okay, then.
Are you sure you want to abandon this character and quit the game? (Confirm with "yes".)
Okay, then.
* * * LOW HITPOINT WARNING * * *
You feel sick. The killer bee misses you. The killer bee closely misses you.
The killer bee stings you!
You die...

*** ### ******###*,*
#.###### *****,,,,,...,,*
#.......
*,,,,,,,,,..#*,######.#####.
*,***,***##.#*,#......# #.
*,* *,* #...,,#.######***#.
*,* *,* #..#**#.# *,,,,,*#.
*,* *,* #..# #.#**,,,,,*##
*,* *,* #y@# #.#,,,,,,,* *,*
*,* #yy# #.#,*,,,,,* *,* *,*
#.y####.#,*,,,,,* *,* *,*
#.y.....#,*,,,,,* *,* *,*
#.#######,*,,,,,* *,*
*,####.# *,*,,,,,* *,*
#.#....######*,*,,,,,*** *,*
#.............,,,,,,,,,, *,*
#...#.########*******,,,


You could see 5 killer bees.

Vanquished Creatures
  A centaur (D:3)
  A bullfrog (D:4)
  A scorpion (D:4)
  3 howler monkeys (D:4)
  2 orc priests
  2 orc wizards (D:4)
  2 worker ants (D:4)
  Terence (D:3)
  4 adders
  7 gnolls (D:2)
  An ooze (D:2)
  3 worms
  4 dart slugs
  A leopard gecko (D:4)
  14 orcs
  4 bats
  6 giant cockroaches
  9 goblins
  7 hobgoblins
  2 jackals
  A quokka (D:2)
  A ball python (D:2)
  5 frilled lizards
  8 kobolds
  4 rats
94 creatures vanquished.

Notes
Turn   | Place    | Note
-------+----------+-------------------------------------------
     0 | D:1      | Htamos the Octopode Earth Elementalist began the quest for the Orb.
     0 | D:1      | Reached XP level 1. HP: 11/11 MP: 3/3
   383 | D:1      | Reached skill level 3 in Stealth
   383 | D:1      | Reached XP level 2. HP: 14/17 MP: 5/5
   746 | D:1      | Reached skill level 4 in Stealth
   972 | D:1      | Reached XP level 3. HP: 21/21 MP: 6/6
  1319 | D:2      | Reached skill level 5 in Stealth
  1332 | D:2      | Reached XP level 4. HP: 22/27 MP: 0/7
  1729 | D:2      | Reached skill level 6 in Stealth
  2118 | D:2      | Reached XP level 5. HP: 22/31 MP: 5/8
  2717 | D:3      | Noticed Terence
  3076 | D:3      | Reached skill level 7 in Stealth
  3448 | D:3      | Noticed a centaur
  3457 | D:3      | Killed a centaur
  3457 | D:3      | Reached skill level 8 in Stealth
  3689 | D:3      | Killed Terence
  3689 | D:3      | Reached XP level 6. HP: 35/36 MP: 3/9
  4040 | D:3      | Reached skill level 9 in Stealth
  4204 | D:3      | Noticed an ice beast
  4573 | D:4      | Found a hazy altar of Hepliaklqana.
  4716 | D:4      | Reached skill level 10 in Stealth
  4972 | D:4      | Reached XP level 7. HP: 7/41 MP: 0/10
  5285 | D:4      | Learned a level 3 spell: Stone Arrow
  6096 | D:4      | Reached skill level 1 in Fighting
  6272 | D:5      | Entered Level 5 of the Dungeon
  6297 | D:5      | Noticed Edmund
  6638 | D:5      | Slain by a killer bee

Vault maps used:
D:1:      shiori_arrival_maze
D:2:      hex_tiny
D:3:      makhleb_blood_cavern_becter, uniq_terence
D:4:      overflow_temple_1_default, minmay_misc_feat_tiny, minivault_26,
          kennysheep_decorative_pillar, hangedman_decor_opposing,
          minmay_misc_feat_plants
D:5:      kennysheep_slug_shrine, temple_hall, first_ration, serial_shops,
          nicolae_shop_overgrown_old_shop, uniq_edmund, uniq_grinder

Skill      XL: |  1  2  3  4  5  6  7 |
---------------+----------------------+-----
Stealth        | 3 4 5 6 8 10 | 10.9
Fighting       | 1 |  1.1
Dodging        | |  2.4
Spellcasting   | |  2.4
Transmutations | |  1.0
Earth Magic    | |  3.5

Action                   |  1- 3 |  4- 6 |  7- 9 || total
-------------------------+-------+-------+-------++-------
Melee: Short sword       |    15 |       |       ||    15
       Unarmed           |     7 |       |       ||     7
       Constrict         |     6 |    16 |     7 ||    29
       Tentacles         |     4 |     9 |     4 ||    17
       Dagger            |     1 |    61 |    32 ||    94
       Hand axe          |       |     1 |       ||     1
 Cast: Sandblast         |    18 |    97 |    19 ||   134
       Stone Arrow       |       |       |     6 ||     6
Evoke: Wand              |       |       |     2 ||     2
  Use: Scroll            |       |     4 |     7 ||    11
       Potion            |       |     2 |     2 ||     4
 Stab: Sleeping          |     7 |    10 |     2 ||    19
  Eat: Chunk             |     1 |    12 |     5 ||    18
Armor: Skin              |     2 |     3 |     1 ||     6
Dodge: Dodged            |    11 |    47 |    42 ||   100

Table legend:
 A = Spawn XP
 B = Non-spawn XP
 C = Spawn XP percentage of total XP
 D = Spawn monster count
 E = Non-spawn monster count
 F = Spawn count percentage of total count
 G = Total turns spent on level
                    A         B        C        D         E        F      G
               +---------+---------+-------+---------+---------+-------+---------
         Total |       0 |    1021 |   0.0 |       0 |      94 |   0.0 |  6638
               +---------+---------+-------+---------+---------+-------+---------
           D:1 |       0 |      35 |   0.0 |       0 |      15 |   0.0 |  1273
           D:2 |       0 |     140 |   0.0 |       0 |      24 |   0.0 |  1883
           D:3 |       0 |     279 |   0.0 |       0 |      35 |   0.0 |  1725
           D:4 |       0 |     564 |   0.0 |       0 |      19 |   0.0 |  1654
           D:5 |       0 |       3 |   0.0 |       0 |       1 |   0.0 |   103
               +---------+---------+-------+---------+---------+-------+---------
